Map: King's Cove LE

Players

Ramon - Winner!

  • Race: Terran Terran
  • League: Platinum
  • Spawn Location: 5:00

DashDance

  • Race: Terran Terran
  • League: Diamond
  • Spawn Location: 11:00

VOD

Have the link to the VOD?

Description

Time

  • Played on: Aug. 19, 2019, 7:32 p.m.
  • Length: 20:55
Show
View Real Time Build Order
Export as new Build Order

Ramon Terran - Winner!

Build Orders:  

Get SALT Encoding   

  12  0:09  Supply Depot  
  12  0:14  SCV  
  13  0:26  SCV  
  14  0:35  Barracks  
  14  0:40  SCV  
  15  0:57  Refinery  
  15  0:59  SCV  
  16  1:22  Supply Depot  
  16  1:24  Orbital Command  
  16  1:27  Marine  
  17  1:36  Refinery  
  17  1:45  Marine  
  18  2:00  Command Center  
  18  2:03  Marine  
  19  2:13  Supply Depot  
  19  2:22  SCV, Refinery  
  20  2:41  SCV  
  21  2:48  Barracks Tech Lab  
  21  2:49  Factory  
  21  2:53  SCV  
  22  3:09  Refinery  
  22  3:10  Refinery  
  22  3:18  SCV  
  23  3:20  Marine  
  24  3:29  Engineering Bay  
  24  3:51  Orbital Command  
  24  3:52  Siege Tank  
  27  3:57  Starport, SCV  
  28  4:05  Missile Turret  
  28  4:18  SCV  
  29  4:33  Missile Turret  
  29  4:42  Fusion Core, Starport Tech Lab  
  29  4:43  SCV  
  30  4:55  Missile Turret  
  30  4:56  SCV  
  31  5:00  Siege Tank  
  31  5:03  SCV  
  35  5:08  SCV  
  36  5:15  SCV  
  37  5:32  Battlecruiser  
  37  5:34  Weapon Refit  
  43  5:44  Missile Turret  
  43  5:47  Missile Turret  
  43  5:50  SCV  
  43  5:53  Widow Mine  
  46  6:00  Starport  
  46  6:05  Supply Depot  
  46  6:17  SCV  
  46  6:27  SCV  
  46  6:29  SCV  
  46  6:31  Command Center  
  48  6:39  SCV  
  49  7:25  Starport Tech Lab  
  49  7:26  Supply Depot  
  49  7:34  Starport  
  49  7:38  Battlecruiser  
  53  7:45  Refinery  
  53  7:47  Refinery, Supply Depot  
  53  7:52  Battlecruiser  
  59  8:14  SCV  
  60  8:22  Starport Tech Lab  
  60  8:25  Starport  
  60  8:26  SCV x2  
  62  8:36  Planetary Fortress  
  62  8:38  SCV x2  
  64  8:42  Battlecruiser  
  70  8:49  Armory  
  70  8:50  SCV  
  70  8:51  SCV  
  70  8:54  Armory  
  72  9:03  SCV  
  73  9:10  Starport Tech Lab  
  73  9:13  SCV  
  73  9:15  SCV  
  75  9:22  Missile Turret  
  75  9:25  SCV  
  76  9:33  Battlecruiser  
  82  9:39  Terran Ship Weapons Level 1  
  82  9:44  Missile Turret  
  82  9:45  SCV  
  83  9:55  Supply Depot  
  83  9:57  SCV  
  84  10:05  Missile Turret  
  84  10:09  SCV  
  85  10:17  Supply Depot, Battlecruiser  
  85  10:30  SCV  
  85  10:35  Battlecruiser  
  92  10:40  Terran Vehicle And Ship Armor Level 1  
  92  10:41  Supply Depot  
  93  10:42  SCV  
  93  10:47  Supply Depot  
  93  10:54  SCV  
  94  11:03  Command Center  
  41  11:52  Battlecruiser x3  
  58  11:57  Siege Tank  
  61  12:05  SCV  
  62  12:17  SCV  
  63  12:24  Battlecruiser  
  69  12:46  SCV  
  70  12:57  Widow Mine  
  72  12:58  SCV  
  72  13:03  Refinery  
  72  13:05  Refinery  
  73  13:08  SCV  
  74  13:18  Widow Mine  
  76  13:20  SCV  
  76  13:27  Battlecruiser  
  83  13:32  SCV  
  84  13:44  SCV  
  85  14:04  Battlecruiser  
  77  14:29  SCV  
  78  14:35  SCV  
  78  14:38  SCV  
  80  14:41  SCV  
  80  14:44  Terran Ship Weapons Level 2  
  81  14:47  SCV  
  81  14:50  SCV  
  83  14:53  SCV  
  83  14:56  Terran Vehicle And Ship Armor Level 2  
  83  14:59  SCV  
  85  15:02  SCV  
  85  15:05  SCV  
  87  15:18  Battlecruiser  
  87  15:20  SCV  
  94  15:25  SCV  
  95  15:38  SCV  
  96  15:44  SCV  
  97  15:50  SCV  
  97  15:51  Battlecruiser  
  104  16:05  SCV  
  105  16:17  SCV  
  106  17:30  Battlecruiser  
  106  17:35  Planetary Fortress  
  112  17:49  Supply Depot  
  112  17:50  Supply Depot  
  112  17:51  Supply Depot  
  112  17:52  Terran Vehicle And Ship Armor Level 3, Terran Ship Weapons Level 3  
  112  18:09  SCV  
  112  18:11  Battlecruiser x2  
  112  18:12  Battlecruiser  
  131  18:21  SCV  
  131  18:24  Supply Depot  
  132  18:34  Battlecruiser  
  138  18:46  Missile Turret  
  138  18:48  Supply Depot, Command Center  
  134  19:08  Missile Turret  
  135  19:17  SCV  
  135  19:19  Supply Depot  
  135  19:25  Command Center  
  135  19:29  SCV  
  135  19:41  SCV  
  135  19:43  Supply Depot  
  135  19:44  Battlecruiser x2  
Show
View Real Time Build Order
Export as new Build Order

DashDance Terran 

Build Orders: Gas First Reaper Expand 

Get SALT Encoding   

  12  0:01  SCV  
  13  0:13  SCV  
  14  0:18  Supply Depot  
  14  0:25  SCV  
  15  0:29  Refinery  
  15  0:40  SCV  
  16  0:47  Barracks  
  16  0:54  SCV  
  17  1:08  SCV  
  18  1:20  SCV  
  19  1:33  Orbital Command  
  19  1:36  Reaper  
  20  1:50  Command Center  
  20  1:59  SCV  
  21  2:13  Marine  
  21  2:15  Factory  
  22  2:17  SCV  
  23  2:23  Supply Depot  
  23  2:39  Barracks Reactor  
  23  2:44  SCV  
  24  2:56  SCV  
  25  3:00  Barracks  
  25  3:01  Barracks  
  25  3:03  Barracks  
  25  3:08  SCV  
  26  3:21  Orbital Command  
  26  3:25  SCV  
  27  3:31  Starport  
  27  3:37  SCV, Barracks Tech Lab  
  27  3:40  Hellion x2  
  32  3:52  Barracks Reactor  
  32  3:53  Barracks Reactor  
  32  3:54  Marine  
  33  3:56  SCV  
  34  4:09  SCV  
  35  4:11  Marine  
  36  4:17  Starport Reactor  
  36  4:21  SCV  
  36  4:22  Marine  
  38  4:30  Barracks Reactor  
  38  4:33  SCV  
  37  4:56  SCV  
  37  4:58  Hellion x2  
  37  4:59  Marine x3  
  43  5:00  Marine  
  43  5:02  Viking  
  43  5:04  Orbital Command  
  46  5:09  Refinery  
  46  5:36  Supply Depot  
  46  5:47  Supply Depot  
  46  5:50  Supply Depot x2  
  46  5:57  Marine x4  
  46  5:58  SCV x2, Medivac  
  54  6:09  Widow Mine x2, Marine x3  
  54  6:10  SCV, Command Center  
  62  6:12  SCV  
  62  6:15  Marine x4  
  66  6:22  SCV  
  66  6:24  SCV  
  68  6:27  Viking  
  68  6:29  Viking  
  68  6:30  Marine x2  
  74  6:34  Widow Mine x2  
  74  6:39  Supply Depot  
  78  6:40  Supply Depot  
  78  6:47  Engineering Bay  
  78  6:49  Marine  
  78  6:51  SCV  
  78  6:52  Marine  
  78  6:54  Marine  
  78  6:55  Marine  
  78  6:56  Marine  
  78  6:58  Marine  
  78  6:59  Marine  
  78  7:05  Widow Mine x2  
  78  7:07  Marine  
  78  7:10  Marine  
  78  7:11  Marine  
  78  7:22  Missile Turret  
  78  7:23  Missile Turret, SCV  
  80  7:30  SCV  
  80  7:31  SCV  
  80  7:44  Marine  
  80  7:45  Marine x5  
  80  7:47  SCV  
  80  7:49  SCV  
  88  7:52  Terran Infantry Weapons Level 1  
  88  7:56  Stimpack  
  80  8:14  Viking x2  
  80  8:17  SCV  
  80  8:18  Orbital Command  
  80  8:19  Armory  
  86  8:20  SCV  
  86  8:23  Refinery x2  
  86  8:28  Marine x4  
  90  8:49  SCV  
  90  8:50  SCV  
  90  8:52  Factory Tech Lab  
  90  8:55  SCV  
  93  8:56  Starport  
  93  8:59  Engineering Bay, Marine x5  
  93  9:01  SCV  
  93  9:02  SCV  
  100  9:07  SCV  
  101  9:12  Terran Ship Weapons Level 1  
  101  9:13  SCV  
  101  9:16  Marine x2  
  101  9:17  Marine  
  104  9:18  Viking x2  
  109  9:28  Marine  
  109  9:29  SCV  
  109  9:41  Supply Depot  
  109  9:43  Marauder, Marine x5  
  116  9:46  Marine  
  117  9:53  Command Center  
  117  9:55  Terran Infantry Weapons Level 2  
  117  9:56  Terran Infantry Armor Level 1  
  117  10:03  SCV x3  
  115  10:15  SCV x2  
  116  10:24  Command Center  
  114  10:52  Supply Depot  
  114  10:56  Supply Depot  
  114  11:00  Supply Depot  
  114  11:02  Supply Depot  
  114  11:03  Supply Depot  
  114  11:05  SCV x2, Marauder, Widow Mine  
  118  11:16  Supply Depot  
  118  11:17  SCV  
  107  11:24  Supply Depot  
  93  11:27  Widow Mine  
  92  11:40  Marine x7  
  92  11:57  Marine  
  92  11:58  Marine x6  
  99  12:02  Viking x2  
  99  12:03  Viking x2  
  106  12:15  Marine  
  106  12:16  Marine x6  
  106  12:17  Thor  
  114  12:33  Marine  
  114  12:34  Marine x5  
  114  12:35  Marine  
  121  12:37  Viking x3  
  121  12:38  Terran Infantry Armor Level 2, Terran Infantry Weapons Level 3  
  121  12:42  Terran Ship Weapons Level 2  
  127  12:51  Marine x2, Barracks  
  127  12:52  Orbital Command, Marine  
  127  12:54  SCV x2  
  127  12:58  Marine x2  
  134  13:06  SCV  
  117  13:48  Viking  
  117  13:49  Viking x3  
  117  13:50  Marine x7  
  132  14:07  Marine x2  
  132  14:08  Marine x2  
  136  14:13  Marine x3  
  132  14:18  Medivac x2  
  132  14:19  Medivac  
  112  14:26  Marine x4  
  112  14:29  Siege Tank  
  112  14:30  Marine  
  112  14:31  Marine x2  
  110  15:02  Command Center  
  109  15:13  Command Center  
  109  15:22  Medivac x2  
  113  15:46  Marine x2  
  113  15:47  Marine  
  116  15:51  Marine  
  116  15:53  Marine  
  118  16:10  SCV  
  118  16:12  Command Center  
  98  16:47  SCV  
  76  17:01  Marine x3  
  76  17:02  Marine x2  
  76  17:03  Marine  
  83  17:08  Refinery  
  83  17:09  Refinery  
  83  17:15  Marine  
  83  17:19  Marine x2  
  83  17:21  Marine  
  63  17:34  Marine x2  
  65  17:37  Marine x2  
  65  17:38  Marine  
  68  17:51  Marine  
  68  17:52  Marine  
  68  17:55  Marine x2  
  68  17:56  Marine  
  73  18:00  Viking x2  
  77  18:09  Marine x2  
  79  18:12  Marine  
  79  18:19  Missile Turret  
  80  18:20  Missile Turret x4  
  80  18:21  Missile Turret x2  
  80  18:23  Missile Turret  
  81  18:29  Orbital Command  
  80  18:38  SCV  
  80  18:39  Orbital Command  
  77  19:11  SCV  
  77  19:16  Barracks Tech Lab  
  77  19:17  Barracks Reactor  
  68  19:19  Viking x2  
  68  19:20  Marine x3  
  75  19:38  Marine  
  71  19:46  Missile Turret  
  71  19:47  Missile Turret x2  
  54  20:16  Marine x6  
  54  20:18  Viking x2  
  64  20:33  Marine  
  64  20:34  SCV x2, Marine x3  
Tags
 
Add a new tag
Caveats
  • Supply blocks, unpowered buildings, or Contaminate may cause inaccurate times.
  • Supply counts are checked every 10 seconds.